 Dungeon Crawl Stone Soup version 0.22.1-1-ga44c0e5 (webtiles) character file.

459 HerrDoktor the Firebug (level 6, -11/46 HPs)
             Began as a Draconian Fire Elementalist on Sept 19, 2018.
             Was a Believer of Yredelemnul.
             Shot with an arrow by a centaur (14 damage)
             ... on level 5 of the Dungeon on Sept 20, 2018.
             The game lasted 00:30:52 (4619 turns).

HerrDoktor the Firebug (DrFE)                       Turns: 4619, Time: 00:30:53

Health: -11/46     AC:  6    Str: 10    XL:     6   Next: 78%
Magic:  8/11       EV: 13    Int: 21    God:    Yredelemnul [**....]
Gold:   179        SH:  0    Dex: 12    Spells: 3/11 levels left

rFire    . . .     SeeInvis +   d - +2 dagger (venom)
rCold    . . .     Gourm    .   (no shield)
rNeg     . . .     Faith    .   (armour unavailable)
rPois    .         Spirit   .   (helmet restricted)
rElec    .         Reflect  .   (no cloak)
rCorr    .         Harm     .   (no gloves)
MR       .....                  (no boots)
Stlth    ++........             (no amulet)
HPRegen  0.15/turn              r - +4 ring of intelligence
MPRegen  0.12/turn              u - ring of see invisible

@: no status effects
A: unfitting armour, cold-blooded, AC +6
a: Animate Remains, Recall Undead Slaves, Injury Mirror, Renounce Religion


You were on level 5 of the Dungeon.
You worshipped Yredelemnul.
Yredelemnul was pleased with you.
You were hungry.

You visited 1 branch of the dungeon, and saw 5 of its levels.
You also visited: Sewer.

You collected 179 gold pieces.

Inventory:

Hand Weapons
 d - a +2 dagger of venom (weapon)
 f - a +0 whip
 g - a +0 spear
 i - a +0 dagger
Missiles
 c - 242 stones (quivered)
 v - 4 curare-tipped needles
Armour
 w - a +0 robe
Jewellery
 r - a +4 ring of intelligence (left hand)
 u - a ring of see invisible (right hand)
Scrolls
 e - 2 scrolls of remove curse
 m - 2 scrolls of teleportation
 o - 2 scrolls of blinking
 q - 2 scrolls of magic mapping
 s - a scroll of amnesia
 t - 2 scrolls of random uselessness {unknown}
 x - a scroll of identify
 y - 2 scrolls of fog {unknown}
 z - a scroll of enchant weapon {unknown}
Potions
 a - 2 potions of heal wounds
 h - a potion of agility
 j - a potion of magic
 k - 3 potions of curing
 l - 3 potions of lignification
 n - 2 potions of degeneration {unknown}
 p - a potion of haste {unknown}
 A - 2 potions of flight {unknown}
Comestibles
 b - 12 rations


   Skills:
 - Level 0.4 Fighting
 - Level 0.1 Polearms
 + Level 3.0 Dodging
 + Level 2.8 Stealth
 + Level 3.4 Spellcasting
 + Level 2.6 Conjurations
 * Level 5.3 Fire Magic


You had 3 spell levels left.
You knew the following spells:

 Your Spells              Type           Power        Failure   Level  Hunger
a - Flame Tongue          Conj/Fire      ###..        2%          1    None
b - Throw Flame           Conj/Fire      ###...       3%          2    ##.....
c - Conjure Flame         Conj/Fire      ###.....     8%          3    ###....
d - Call Imp              Summ           #.......     19%         2    ##.....

Your spell library contained the following spells:

 Spells                   Type           Power        Failure   Level  Hunger
 Summon Small Mammal      Summ           #...         13%         1    None
 Inner Flame              Hex/Fire       ##......     13%         3    ###....
 Call Canine Familiar     Summ           #.......     36%         3    ###....
 Summon Guardian Golem    Hex/Summ       #.......     36%         3    ###....
 Sticky Flame             Conj/Fire      ###.....     24%         4    ####...
 Fireball                 Conj/Fire      ###.......   56%         5    ######.
 Summon Ice Beast         Ice/Summ       #.......     77%         4    ####...
 Summon Lightning Spire   Summ/Air       #.......     77%         4    ####...


Dungeon Overview and Level Annotations

Branches:
Dungeon (5/15)
 Temple: D:4-7

Altars:
Qazlal
Yredelemnul

Annotations:
D:4 Menkaure


Innate Abilities, Weirdness & Mutations

Your plain brown scales are hard. (AC +6)
You cannot fit into any form of body armour.
You are cold-blooded and may be slowed by cold attacks.


Message History

Unknown command.
Casting: Flame Tongue (safe; 2% risk of failure)
Confirm with . or Enter, or press ? or * to list all spells.
Aiming: Flame Tongue (safe; 2% risk of failure)
Press: ? - help, Shift-Dir - straight line, f/p - centaur
Aim: a centaur, wielding a shortbow (lightly wounded)
The flame tongue hits the centaur.
The centaur is lightly wounded.
The centaur shoots an arrow.
The arrow hits you!
Your crimson imp blinks!
You are too injured to fight recklessly!
The centaur shoots an arrow.
The arrow barely misses your crimson imp.
The arrow hits you!
* * * LOW HITPOINT WARNING * * *
You see here an arrow.
The centaur shoots an arrow.
The arrow barely misses you.
The centaur shoots an arrow.
The arrow hits you!
You die...
Your body rises from the dead as a mindless zombie.

#####.##### #.# #.# #.#
#.# ##...# #)#
#######(# #. #.#
#######....(.(# #.
#..##.........(##.###.
##...#.(##'##.#.###...#
###.....(.#≈≈≈#...#
##.##
........@(#≈≈≈#...#
##.#
###....((.#≈.≈#...#
#..#
..........#≈≈≈#...#
#.##
#...c5..(.#≈≈≈#...# #.#
#.###.##..#####...# #.#
# #. #.........## #.#
#. #...#####.# #.# #.
#.#.# .# #.# #.#.. .
..#


You could see a centaur and a friendly crimson imp.

Vanquished Creatures
  A big kobold (Sewer)
  A scorpion (D:4)
  A crimson imp (D:5)
  An orc wizard (D:2)
  A hound (D:4)
  A centaur skeleton (D:4)
  2 worker ants (D:5)
  A gnoll (D:1)
  3 adders
  A river rat (Sewer)
  2 oozes
  An adder skeleton (D:2)
  A worm (D:2)
  4 dart slugs
  A leopard gecko (D:1)
  5 orcs
  A bat skeleton (D:2)
  8 giant cockroaches
  7 goblins
  11 hobgoblins
  5 jackals
  15 kobolds
  6 bats
  2 frilled lizards
  A giant cockroach zombie (D:2)
  2 jackal skeletons (D:2)
  2 leopard gecko skeletons (D:2)
  A quokka skeleton (D:2)
  A quokka zombie (D:2)
  12 rats
101 creatures vanquished.

Notes
Turn   | Place    | Note
-------+----------+-------------------------------------------
     0 | D:1      | HerrDoktor the Draconian Fire Elementalist began the quest
                  | for the Orb.
     0 | D:1      | Reached XP level 1. HP: 14/14 MP: 3/3
   523 | D:1      | Reached XP level 2. HP: 11/20 MP: 0/5
   651 | D:1      | Learned a level 2 spell: Throw Flame
   907 | D:1      | Reached XP level 3. HP: 19/27 MP: 2/6
  1232 | D:1      | Upgraded the game from 0.22.1 to 0.22.1-1-ga44c0e5
  1376 | D:2      | Reached skill level 4 in Fire Magic
  1421 | D:2      | Found a basalt altar of Yredelemnul.
  1446 | D:2      | Became a worshipper of Yredelemnul the Dark
  1532 | D:2      | Learned a level 3 spell: Conjure Flame
  1738 | D:2      | Reached XP level 4. HP: 33/34 MP: 7/7
  2116 | D:3      | Reached * piety under Yredelemnul
  2727 | D:2      | Reached XP level 5. HP: 17/39 MP: 1/9
  3053 | D:3      | Found a faded altar of an unknown god.
  3621 | D:4      | Reached skill level 5 in Fire Magic
  3621 | D:4      | Reached XP level 6. HP: 40/46 MP: 0/10
  3626 | D:4      | Noticed Menkaure
  3802 | D:4      | HP: 1/46 [Menkaure/nerve-wracking pain (12)]
  4174 | D:5      | Entered Level 5 of the Dungeon
  4267 | D:5      | Found a stormy altar of Qazlal.
  4269 | D:5      | Noticed a fire elemental
  4270 | D:5      | Noticed a water elemental
  4270 | D:5      | Noticed an air elemental
  4318 | D:5      | Found a glowing drain.
  4358 | Sewer    | Entered a sewer
  4439 | Sewer    | Reached ** piety under Yredelemnul
  4543 | Sewer    | Found a white marble altar of Elyvilon.
  4593 | Sewer    | Learned a level 2 spell: Call Imp
  4619 | D:5      | Shot with an arrow by a centaur

Skill      XL: |  1  2  3  4  5  6 |
---------------+-------------------+-----
Dodging        | 2 3 |  3.0
Stealth        | 2 |  2.8
Fire Magic     | 4 5 |  5.3
Conjurations   | 2 |  2.6
Spellcasting   | 3 |  3.4
Fighting       | |  0.4
Polearms       | |  0.1

Action                   |  1- 3 |  4- 6 || total
-------------------------+-------+-------++-------
Melee: Unarmed           |    16 |       ||    16
       Spear             |    33 |       ||    33
       Tailslap          |     8 |    11 ||    19
       Dagger            |    18 |   120 ||   138
Throw: Stone             |     1 |       ||     1
 Cast: Flame Tongue      |    64 |    42 ||   106
       Throw Flame       |     3 |     6 ||     9
       Call Imp          |       |     1 ||     1
  Use: Scroll            |     6 |     7 ||    13
       Potion            |       |     2 ||     2
 Stab: Sleeping          |       |     3 ||     3
  Eat: Chunk             |     2 |     4 ||     6
       Ration            |     1 |     1 ||     2
Armor: Skin              |    35 |    48 ||    83
Dodge: Dodged            |    96 |    86 ||   182
